 Dungeon Crawl Stone Soup version 0.26-a0-651-gb41185065b (webtiles) character file.

Game seed: 9238108075594419675

(classic levelgen) 269643 EnegeticOcto the Pandemonic (level 18, 134/170 HPs)
             Began as a Deep Dwarf Fighter on Oct 13, 2020.
             Was a High Priest of Makhleb.
             Quit the game on level 2 of the Abyss.
             The game lasted 00:18:01 (15819 turns).

EnegeticOcto the Pandemonic (Deep Dwarf Fighter)   Turns: 15819, Time: 00:18:02

Health: 134/170    AC: 28    Str: 26    XL:     18   Next: 97%
Magic:  3/3        EV: 21    Int:  9    God:    Makhleb [*****.]
Gold:   2333       SH: 21    Dex: 14    Spells: 19/19 levels left

rFire    . . .     SeeInvis .   a - +4 broad axe (venom)
rCold    + . .     Faith    .   u - +0 tower shield {rN+}
rNeg     + + .     Spirit   .   G - +2 plate armour {rC+}
rPois    .         Reflect  .   (helmet restricted)
rElec    +         Harm     .   E - +2 cloak of the Lair of Beasts {rElec rCorr}
rCorr    +         Rampage  .   p - +1 pair of gloves
MR       ++...                  h - +2 pair of boots
Stlth    ..........             (no amulet)
HPRegen  0.00/turn              m - +4 ring of evasion
MPRegen  0.08/turn              o - +4 ring of evasion

@: non-regenerating
A: damage resistance, heal wounds, antennae 1, negative energy resistance 1,
sense surroundings 3, no regeneration
}: 3/15 runes: barnacled, abyssal, gossamer
a: Heal Wounds, Minor Destruction, Lesser Servant of Makhleb, Major Destruction,
Greater Servant of Makhleb, Renounce Religion


You were on level 2 of the Abyss.
You worshipped Makhleb.
Makhleb was extremely pleased with you.
You visited 6 branches of the dungeon, and saw 32 of its levels.
You visited the Abyss 2 times.

You collected 3208 gold pieces.
You spent 875 gold pieces at shops.

Inventory:

Hand Weapons
 a - a +4 broad axe of venom (weapon)
Missiles
 x - 6 throwing nets (quivered)
Armour
 h - a +2 pair of boots (worn)
 p - a +1 pair of gloves (worn)
 u - a +0 tower shield of positive energy (worn)
 B - a +2 helmet
 E - the +2 cloak of the Lair of Beasts (worn) {rElec rCorr}
   (You bought it in a shop on level 2 of the Orcish Mines)

   It insulates you from electricity.
   It provides partial protection from all sources of acid and corrosion.
 F - a +1 plate armour of poison resistance
 G - a +2 plate armour of cold resistance (worn)
Jewellery
 l - an uncursed ring of stealth
 m - a +4 ring of evasion (left hand)
 o - a +4 ring of evasion (right hand)
 r - a cursed -4 ring of intelligence
Wands
 b - a wand of iceblast (11) {@v2}
 t - a wand of paralysis (24)
 J - a wand of disintegration (10)
Scrolls
 c - 2 scrolls of blinking
 g - 2 scrolls of teleportation {@r3}
 j - 4 scrolls of remove curse {@r2}
 y - 2 scrolls of immolation {@r4}
 D - a scroll of fear
 I - 2 scrolls of identify {@r1}
 K - a scroll of enchant weapon
Potions
 d - 3 potions of might {@q3}
 e - 4 potions of ambrosia
 f - 4 potions of cancellation
 i - 8 potions of heal wounds {@q2}
 k - 4 potions of berserk rage
 n - 4 potions of lignification
 q - 2 potions of flight
 s - a potion of haste {@q4}
 v - 2 potions of mutation
 w - 5 potions of stabbing
 A - a potion of curing {@q1}
 C - a potion of brilliance {unknown}
 H - a potion of resistance {@q5}
Miscellaneous
 z - a phantom mirror
 V - a condenser vane (2/2)


   Skills:
 + Level 12.7 Fighting
 - Level 18.0 Axes
 - Level 14.4 Armour
 - Level 14.0 Dodging
 - Level 14.5 Shields
 - Level 1.0 Spellcasting
 + Level 19.5 Invocations


You had 19 spell levels left.
You didn't know any spells.
Your spell library was empty.

Dungeon Overview and Level Annotations

Branches:
Dungeon (15/15)            Temple (0/1) D:7            Lair (3/6) D:10
 Shoals (4/4) Lair:3       Spider (4/4) Lair:3          Orc (2/2) D:10
    Elf (0/3) Orc:2        Vaults (0/5) D:13         Depths (4/5) D:15

Altars:
Ashenzari
Elyvilon
Fedhas
Gozag
Hepliaklqana
Kikubaaqudgha
Makhleb
Okawaru
Ru
Trog
Wu Jian
Xom
The Shining One
Beogh

Shops:
D:6 (   D:7 *   Orc:2 [((:

Portals:
Hell: Depths:2
Ziggurat: Depths:2

Annotations:
Lair:3 exclusion: oklob plant


Innate Abilities, Weirdness & Mutations

You are resistant to damage.
You can heal yourself by infusing magical energy.
You resist negative energy. (rN+)
You passively map a large area around you.
You do not regenerate.
You have a pair of small antennae on your head.


Message History

The green very ugly thing is almost dead.
You hit the green ugly thing. You closely miss the green ugly thing.
You block the green ugly thing's attack.
The green ugly thing tentacle-slaps your hellwing but does no damage.
You block the green very ugly thing's attack.
You hit the green very ugly thing but do no damage.
The green very ugly thing is almost dead.
Your plate armour prevents you from hitting the green ugly thing.
You slice the green ugly thing!!
You kill the green very ugly thing!
Makhleb accepts your kill.
Your hellwing hits the green ugly thing!
Your hellwing hits the green ugly thing.
The green ugly thing basks in the mutagenic energy from its kin and changes!
The green ugly thing tentacle-slaps you but does no damage.
The cyan very ugly thing basks in the mutagenic energy from its kin and changes!
You closely miss the green ugly thing.
The green ugly thing is almost dead.
You slice the brown ugly thing!!
The brown ugly thing looks as sick as possible!
Your hellwing hits the green ugly thing but does no damage.
Your hellwing hits the green ugly thing.
The green ugly thing tentacle-slaps you but does no damage.
You completely miss the green ugly thing.
The green ugly thing is almost dead.
You slash the brown ugly thing!
The brown ugly thing looks as sick as possible!
Your hellwing hits the green ugly thing!
The green ugly thing dies!
Makhleb accepts your kill.
You slice the brown ugly thing!!
You kill the brown ugly thing!
Makhleb accepts your kill.
You feel better.
You slice the green very ugly thing!!
The green very ugly thing is moderately wounded.
Your hellwing hits the green very ugly thing!
Your hellwing hits the green very ugly thing.
The green very ugly thing completely misses you.
You hit the green very ugly thing but do no damage.
The green very ugly thing is heavily wounded.
Your hellwing closely misses the green very ugly thing.
Your hellwing hits the green very ugly thing!
You barely miss the green very ugly thing.
The green very ugly thing is heavily wounded.
You block the green very ugly thing's attack.
Your hellwing barely misses the green very ugly thing.
Your hellwing hits the green very ugly thing but does no damage.
You slash the green very ugly thing!
The green very ugly thing is severely wounded.
You block the green very ugly thing's attack.
Your hellwing hits the green very ugly thing!
Your hellwing hits the green very ugly thing.
You closely miss the green very ugly thing.
The green very ugly thing is almost dead.
You block the green very ugly thing's attack.
You slash the green very ugly thing!
You kill the green very ugly thing!
Makhleb accepts your kill.
No target in view!
No target in view!
No target in view!
No target in view!
No target in view!
No target in view!
No target in view!
No target in view!
No target in view!
No target in view!
No target in view!
No target in view!
No target in view!
No target in view!
No target in view!
No target in view!
No target in view!
No target in view!
No target in view!
No target in view!
You see here a very ugly thing corpse.
A wizard comes into view. It is wielding a staff of death.
Found a scroll of remove curse.
A wizard is nearby!
A wizard is nearby!
A wizard is nearby!
A wizard is nearby!
A wizard is nearby!
A wizard is nearby!
A wizard is nearby!
A wizard is nearby!
A wizard is nearby!
A wizard is nearby!
A wizard is nearby!
A wizard is nearby!
The wizard's eyes start to glow.
The wizard casts a spell at you.
You are cast into the Abyss!
To return, you must find a gate leading back.
Killing monsters will force the Abyss to allow you passage.
Are you sure you want to abandon this character and quit the game? (Confirm with "yes".)

....
....
#..#
#..#
#..#
#..#
#..#
#@.#
#..#
...#
....#
#....#
##...#
#....
.....


There were no monsters in sight!

Vanquished Creatures
  Bai Suzhen (Shoals:3)
  Saint Roka (Orc:2)
  Nikola (Spider:3)
  Arachne (Spider:3)
  Jorgrun (Orc:2)
  A lich (Depths:4)
  A tentacled monstrosity (Depths:4)
  2 tentacled starspawn (Abyss:3)
  Kirke (D:14)
  A tengu reaver (Depths:4)
  Frances (D:14)
  A shadow dragon (Depths:4)
  Roxanne (D:15)
  Donald (Orc:2)
  3 fire giants (Depths:4)
  2 frost giants
  A cacodemon (Abyss:3)
  An emperor scorpion (Spider:4)
  An iron dragon (Depths:4)
  Louise (Spider:3)
  18 very ugly things
  An entropy weaver (Spider:3)
  4 stone giants
  A vampire knight (Depths:4)
  Nessos (D:14)
  Snorg (D:12)
  5 spark wasps (Depths:4)
  5 merfolk javelineers (Shoals:4)
  A blizzard demon (Abyss:3)
  2 ettins
  2 merfolk impalers
  A great orb of eyes (Depths:4)
  Josephine (D:14)
  2 yaktaur captains
  Fannar (Lair:1)
  Erolcha (D:9)
  A rakshasa (Depths:4)
  3 ice dragons
  4 hydras
  8 vault guards (D:13)
  2 catoblepae
  4 merfolk aquamancers
  2 merfolk avatars
  A spriggan air mage (Depths:4)
  4 centaur warriors
  3 tengu warriors
  A deep troll shaman (Depths:2)
  A satyr (Shoals:4)
  2 ogre magi
  11 two-headed ogres
  A death knight (D:15)
  6 death scarabs (Spider:4)
  An alligator snapping turtle (Shoals:4)
  3 orc high priests (Orc:2)
  7 deep troll earth magi
  3 spriggan berserkers (Depths:4)
  Nergalle (D:10)
  3 iron trolls (Depths:2)
  A titan skeleton (Depths:1)
  4 skeletal warriors (D:12)
  3 sea snakes
  A spectral emperor scorpion (Spider:4)
  A sea snake (shapeshifter) (D:15)
  An unseen horror (D:12)
  8 deep trolls
  A death drake (shapeshifter) (Depths:4)
  A wizard (D:14)
  2 phantasmal warriors (D:15)
  An orc knight (Orc:2)
  5 harpies (Shoals:4)
  A glowing orange brain (Depths:4)
  A frost giant zombie (Depths:1)
  A spectral wolf spider (Spider:4)
  2 wolf spider zombies (Spider:4)
  A necromancer (Depths:1)
  7 orb spiders
  11 wolf spiders
  6 fauns
  A deep elf mage (D:13)
  15 ugly things
  A manticore (D:11)
  3 cyclopes
  An orc sorcerer (Orc:2)
  A worldbinder (Abyss:3)
  6 starcursed masses (Abyss:3)
  A salamander (Depths:2)
  A rust devil (Abyss:3)
  2 moths of wrath (Spider:4)
  Maurice (D:9)
  An elephant (D:10)
  3 water nymphs
  12 merfolk sirens
  A torpor snail (Spider:3)
  5 cane toads
  3 centaur skeletons
  An orange demon (Abyss:3)
  Maggie (D:7)
  A cane toad (shapeshifter) (D:13)
  A hellion (Abyss:3)
  5 spectral redbacks (Spider:4)
  A freezing wraith (D:15)
  2 komodo dragons
  3 yaktaurs (Depths:3)
  7 demonic crawlers
  2 efreet
  A rime drake (shapeshifter) (D:15)
  3 meliai (Spider:2)
  23 jumping spiders
  5 trolls
  4 hornets
  26 merfolk
  5 snapping turtles
  3 wind drakes (Shoals:1)
  3 spectral tarantellas (Spider:4)
  9 slime creatures
  2 blink frogs (Abyss:3)
  A fire giant simulacrum (Depths:1)
  A hornet (shapeshifter) (D:15)
  A spectral jumping spider (Spider:4)
  2 tarantella zombies (Spider:4)
  A harpy skeleton (D:14)
  A meliai zombie (D:12)
  10 hippogriffs
  2 dream sheep (Shoals:4)
  A centaur simulacrum (D:14)
  A deep troll zombie (Depths:1)
  A spriggan (Depths:4)
  12 tarantellas
  44 redbacks
  4 hogs (D:14)
  A basilisk (shapeshifter) (D:15)
  2 water elementals
  20 yaks
  4 wraiths
  A large abomination (Abyss:3)
  A wyvern (D:10)
  A steam dragon (D:11)
  Grum (D:10)
  2 basilisks
  A neqoxec (Abyss:3)
  Menkaure (D:6)
  6 vampire mosquitoes
  3 wargs (Orc:2)
  4 water moccasins
  3 swamp worms (Lair:1)
  A floating eye (shapeshifter) (Depths:4)
  2 porcupines
  3 black bears
  36 orc warriors
  5 ice beasts
  An alligator simulacrum (Abyss:3)
  2 spectral hornets (Spider:4)
  2 sky beasts
  6 phantoms
  A deep troll simulacrum (Depths:1)
  A hornet zombie (D:9)
  2 eyes of draining
  10 centaurs
  15 ogres
  3 boggarts (D:15)
  4 wolves (D:10)
  9 crocodiles
  A big kobold (shapeshifter) (D:15)
  A big kobold (D:14)
  19 bullfrogs
  Blork the orc (D:4)
  2 gnoll sergeants
  A wyvern zombie (D:13)
  A small abomination (Abyss:3)
  2 wyvern skeletons
  5 scorpions
  13 wights
  18 killer bees
  3 howler monkeys
  A crimson imp (D:6)
  3 bullfrog zombies
  2 quasits
  5 centaur zombies
  6 hounds
  26 orc priests
  2 jellies
  31 orc wizards
  Crazy Yiuf (D:7)
  A bullfrog skeleton (D:12)
  6 iguanas
  7 worker ants
  2 hound skeletons (D:11)
  A worker ant zombie (D:6)
  7 gnolls
  A howler monkey skeleton (D:9)
  7 adders
  A shadow imp (D:6)
  2 white imps
  An ufetubus (D:5)
  An adder zombie (D:5)
  2 adder skeletons (D:6)
  A worm (D:3)
  3 leopard geckos
  90 orcs
  A giant cockroach (D:3)
  A goblin (D:3)
  3 jackals (D:7)
  2 quokkas
  A jackal zombie (D:8)
  3 kobolds (D:14)
  2 rats
  3 starspawn tentacles (Abyss:3)
897 creatures vanquished.

Vanquished Creatures (collateral kills)
  A bone dragon (Abyss:3)
  A lich (Depths:4)
  A tentacled starspawn (Abyss:3)
  Agnes (Spider:4)
  A tengu reaver (Depths:4)
  A frost giant (Depths:4)
  2 ghost moths (Spider:4)
  A deep elf sorcerer (Depths:4)
  A fire giant (Depths:4)
  An iron dragon (Depths:4)
  5 emperor scorpions (Spider:4)
  A stone giant (Depths:4)
  2 spark wasps (Spider:4)
  2 merfolk javelineers (Shoals:4)
  A merfolk impaler (Shoals:4)
  A hydra (D:14)
  2 alligator snapping turtles (Shoals:4)
  A two-headed ogre (Depths:4)
  2 death scarabs (Spider:4)
  A spriggan berserker (Depths:4)
  An orc high priest (Orc:2)
  A salamander mystic (Depths:2)
  A sixfirhy (Abyss:3)
  2 deep trolls (Depths:4)
  A spatial maelstrom (Abyss:3)
  A sea snake (Shoals:4)
  A kraken simulacrum (Shoals:4)
  2 harpies (Shoals:4)
  A flayed ghost (Depths:4)
  2 spectral wolf spiders (Spider:4)
  5 orb spiders
  7 wolf spiders (Spider:4)
  3 ugly things (Depths:4)
  A salamander (Depths:2)
  A cyclops (Shoals:4)
  A moth of wrath (Spider:4)
  3 merfolk sirens
  2 water nymphs (Shoals:4)
  2 spectral redbacks (Spider:4)
  A yaktaur (Depths:3)
  A demonic crawler (Spider:4)
  5 jumping spiders (Spider:4)
  5 merfolk
  2 hornets (Spider:4)
  A hippogriff (Shoals:3)
  2 blink frogs (Abyss:3)
  A spectral jumping spider (Spider:4)
  A redback (shapeshifter) (Depths:4)
  9 redbacks (Spider:4)
  A yak (Lair:2)
  6 tarantellas (Spider:4)
  2 orc warriors (Orc:2)
  A spectral hornet (Spider:4)
  A hornet zombie (Spider:4)
  4 starcursed masses (Abyss:3)
  An ufetubus (Abyss:3)
  2 orcs (Orc:2)
  A starspawn tentacle (Abyss:3)
  A tentacle (Shoals:4)
115 creatures vanquished.

Vanquished Creatures (others)
  An unseen horror (D:14)
  2 harpies (Shoals:4)
  An orb spider (Spider:3)
  2 wolf spiders (Spider:3)
  2 jumping spiders
  A tarantella (Spider:3)
  A redback (Spider:3)
  A vampire mosquito (D:14)
  9 fungi
  61 plants
  7 starspawn tentacles (Abyss:3)
  3 tentacles (Shoals:4)
91 creatures vanquished.

Grand Total: 1103 creatures vanquished

Notes
Turn   | Place    | Note
-------+----------+-------------------------------------------
     0 | D:1      | EnegeticOcto the Deep Dwarf Fighter began the quest for the
                  | Orb.
     0 | D:1      | Reached XP level 1. HP: 20/20 MP: 1/1
    86 | D:3      | Reached XP level 2. HP: 27/27 MP: 2/2
   184 | D:4      | Reached XP level 3. HP: 13/34 MP: 3/3
   195 | D:4      | Noticed a phantom
   203 | D:4      | Noticed Blork the orc
   216 | D:4      | Killed Blork the orc
   216 | D:4      | Reached XP level 4. HP: 26/42 MP: 3/3
   228 | D:4      | Killed a phantom
   228 | D:4      | Reached XP level 5. HP: 49/49 MP: 4/4
   443 | D:4      | Reached XP level 6. HP: 37/56 MP: 5/5
   444 | D:4      | Found a hazy altar of Hepliaklqana.
   497 | D:4      | Reached skill level 5 in Axes
   497 | D:4      | Reached skill level 1 in Dodging
   535 | D:4      | Found an iron altar of Okawaru.
   853 | D:4      | Reached XP level 7. HP: 39/63 MP: 6/6
   917 | D:4      | Reached skill level 5 in Armour
   971 | D:4      | Found a glowing golden altar of the Shining One.
  1054 | D:5      | Entered Level 5 of the Dungeon
  1073 | D:5      | Reached skill level 5 in Shields
  1444 | D:6      | Reached XP level 8. HP: 59/73 MP: 5/5
  1600 | D:6      | Found a bloodstained altar of Trog.
  1601 | D:6      | Found an ornate altar of the Wu Jian Council.
  1601 | D:6      | Found a broken altar of Ashenzari.
  1602 | D:6      | Found an opulent altar of Gozag.
  1603 | D:6      | Found a blossoming altar of Fedhas.
  1606 | D:6      | Found a sacrificial altar of Ru.
  1627 | D:6      | Noticed Menkaure
  1629 | D:6      | Found Litabbuu's Antique Weapon Shop.
  1648 | D:6      | Killed Menkaure
  1648 | D:6      | Reached skill level 5 in Fighting
  1713 | D:6      | Found a shimmering altar of Xom.
  1714 | D:6      | Found a burning altar of Makhleb.
  1826 | D:6      | Became a worshipper of Makhleb the Destroyer
  2050 | D:7      | Found a staircase to the Ecumenical Temple.
  2066 | D:7      | Reached skill level 1 in Invocations
  2131 | D:6      | Bought a smouldering war axe for 229 gold pieces
  2131 | D:6      | Identified the cursed +3 war axe "Ytufivvonge" {vamp,
                  | Str+5} (You bought it in a shop on level 6 of the Dungeon)
  2138 | D:6      | Fell from the grace of Makhleb
  2138 | D:6      | Became a worshipper of Ru the Awakened
  2172 | D:7      | Gained mutation: You passively map the area around you.
                  | [Deep Dwarf growth]
  2172 | D:7      | Reached XP level 9. HP: 81/81 MP: 6/6
  2205 | D:7      | Noticed Maggie
  2228 | D:7      | Killed Maggie
  2267 | D:7      | Found Gyluoh's Elemental Accessories.
  2317 | D:7      | Reached skill level 1 in Spellcasting
  2368 | D:7      | Found an ancient bone altar of Kikubaaqudgha.
  2658 | D:7      | Found a runed translucent door.
  2659 | D:7      | Noticed Crazy Yiuf
  2665 | D:7      | Killed Crazy Yiuf
  2732 | D:8      | Identified 3 scrolls of acquirement
  2732 | D:8      | Acquired a +0 tower shield of positive energy
  2734 | D:8      | Acquired a +1 broad axe of draining
  2736 | D:8      | Acquired 1105 gold pieces
  2789 | D:6      | Fell from the grace of Ru
  2789 | D:6      | Became a worshipper of Makhleb the Destroyer
  3157 | D:8      | Reached skill level 2 in Invocations
  3264 | D:8      | Reached skill level 5 in Dodging
  3569 | D:8      | Reached skill level 3 in Invocations
  3783 | D:9      | Reached XP level 10. HP: 60/91 MP: 9/9
  3846 | D:9      | Reached skill level 4 in Invocations
  3847 | D:9      | Reached * piety under Makhleb
  3950 | D:9      | Noticed Erolcha
  3974 | D:9      | Killed Erolcha
  3974 | D:9      | Reached skill level 10 in Axes
  3997 | D:9      | Found a white marble altar of Elyvilon.
  4099 | D:9      | Noticed Maurice
  4116 | D:9      | Killed Maurice
  4116 | D:9      | Reached skill level 5 in Invocations
  4263 | D:9      | Noticed a two-headed ogre
  4274 | D:9      | Killed a two-headed ogre
  4316 | D:10     | Entered Level 10 of the Dungeon
  4316 | D:10     | Noticed Grum
  4321 | D:10     | Killed Grum
  4413 | D:10     | Noticed an elephant
  4414 | D:10     | Found a staircase to the Lair.
  4424 | D:10     | Killed an elephant
  4424 | D:10     | Reached XP level 11. HP: 85/99 MP: 10/10
  4532 | D:10     | Noticed Nergalle
  4560 | D:10     | Killed Nergalle
  4560 | D:10     | Reached skill level 6 in Invocations
  4609 | D:10     | Reached ** piety under Makhleb
  4784 | D:10     | Noticed a two-headed ogre
  4791 | D:10     | Killed a two-headed ogre
  4913 | D:10     | Noticed a two-headed ogre
  4927 | D:10     | Killed a two-headed ogre
  5156 | D:10     | Found a staircase to the Orcish Mines.
  5242 | D:11     | Noticed a four-headed hydra
  5262 | D:11     | Killed a ten-headed hydra
  5262 | D:11     | Reached *** piety under Makhleb
  5262 | D:11     | Reached skill level 7 in Invocations
  5795 | D:12     | Noticed Snorg
  5797 | D:12     | Noticed a four-headed hydra
  5820 | D:12     | Killed Snorg
  5820 | D:12     | Reached XP level 12. HP: 52/110 MP: 10/10
  5824 | D:12     | Killed a 14-headed hydra
  6018 | D:12     | Noticed a two-headed ogre
  6027 | D:12     | Killed a two-headed ogre
  6027 | D:12     | Reached skill level 8 in Invocations
  6135 | D:12     | Reached **** piety under Makhleb
  6254 | D:12     | Noticed a two-headed ogre
  6261 | D:12     | Killed a two-headed ogre
  6444 | D:13     | Noticed a centaur warrior
  6453 | D:13     | Killed a centaur warrior
  6474 | D:13     | Reached skill level 10 in Shields
  6482 | D:13     | Reached skill level 9 in Invocations
  6495 | D:13     | Noticed a vault guard
  6498 | D:13     | Noticed a vault guard
  6505 | D:13     | Reached skill level 10 in Armour
  6507 | D:13     | Noticed a vault guard
  6514 | D:13     | Killed a vault guard
  6515 | D:13     | Noticed a vault guard
  6524 | D:13     | Killed a vault guard
  6531 | D:13     | Killed a vault guard
  6531 | D:13     | Reached XP level 13. HP: 116/118 MP: 10/10
  6549 | D:13     | Found a gate to the Vaults.
  6825 | D:13     | You fall into a shaft and drop 2 floors!
  6825 | D:15     | Entered Level 15 of the Dungeon
  6832 | D:15     | Noticed Roxanne
  6881 | D:15     | Killed Roxanne
  7007 | D:15     | Reached ***** piety under Makhleb
  7007 | D:15     | Reached skill level 10 in Invocations
  7107 | D:15     | HP: 3/121 [enormous slime creature (5)]
  7179 | D:15     | Found a staircase to the Depths.
  7253 | D:14     | Reached skill level 10 in Dodging
  7373 | D:14     | Noticed Josephine
  7386 | D:14     | Killed Josephine
  7496 | D:14     | Noticed Kirke
  7502 | D:14     | Gained mutation: You resist negative energy. (rN+) [Deep
                  | Dwarf growth]
  7502 | D:14     | Reached XP level 14. HP: 129/129 MP: 8/8
  7504 | D:14     | Reached skill level 11 in Invocations
  7520 | D:14     | Noticed a sphinx
  7520 | D:14     | Killed Kirke
  7627 | D:14     | Noticed Frances
  7650 | D:14     | Killed Frances
  7656 | D:14     | Noticed Nessos
  7687 | D:14     | Killed Nessos
  7906 | Orc:1    | Entered Level 1 of the Orcish Mines
  8008 | Orc:2    | Entered Level 2 of the Orcish Mines
  8243 | Orc:2    | Found a staircase to the Elven Halls.
  8268 | Orc:2    | Noticed Donald
  8279 | Orc:2    | Killed Donald
  8305 | Orc:2    | Found a roughly hewn altar of Beogh.
  8325 | Orc:2    | Found Syrigott's Antique Weapon Boutique.
  8417 | Orc:2    | Found a roughly hewn altar of Beogh.
  8452 | Orc:2    | Reached skill level 12 in Invocations
  8478 | Orc:2    | Noticed Saint Roka
  8483 | Orc:2    | Reached ****** piety under Makhleb
  8523 | Orc:2    | Killed Saint Roka
  8523 | Orc:2    | Reached skill level 15 in Axes
  8544 | Orc:2    | Found Bumyasm's Antique Armour Shop.
  8545 | Orc:2    | Found a roughly hewn altar of Beogh.
  8546 | Orc:2    | Found Seasyatiyta's Antique Weapon Boutique.
  8559 | Orc:2    | Bought a faintly humming chain mail for 323 gold pieces
  8559 | Orc:2    | Bought a translucent cloak for 323 gold pieces
  8569 | Orc:2    | Identified the cursed +1 chain mail "Ziprasu" {rPois
                  | Regen+} (You bought it in a shop on level 2 of the Orcish
                  | Mines)
  8579 | Orc:2    | Identified the +2 cloak of the Lair of Beasts {rElec rCorr}
                  | (You bought it in a shop on level 2 of the Orcish Mines)
  8651 | Orc:2    | Found a roughly hewn altar of Beogh.
  8736 | Orc:2    | Noticed Jorgrun
  8789 | Orc:2    | Killed Jorgrun
  8815 | Orc:2    | Found a roughly hewn altar of Beogh.
  9053 | Orc:2    | Found a roughly hewn altar of Beogh.
  9076 | Orc:2    | Found Reixani's Book Shoppe.
  9350 | Lair:1   | Entered Level 1 of the Lair of Beasts
  9389 | Lair:1   | Noticed Fannar
  9417 | Lair:1   | Killed Fannar
 10557 | Lair:3   | Reached skill level 10 in Fighting
 10557 | Lair:3   | Reached XP level 15. HP: 138/138 MP: 4/4
 10951 | Lair:3   | Found a hole to the Spider Nest.
 10965 | Lair:3   | Reached skill level 13 in Invocations
 11306 | Lair:3   | Found a staircase to the Shoals.
 11483 | Spider:1 | Entered Level 1 of the Spider Nest
 11737 | Spider:3 | Noticed Arachne
 11752 | Spider:3 | Noticed Nikola
 11752 | Spider:3 | Noticed Louise
 11768 | Spider:3 | Killed Arachne
 11771 | Spider:3 | Killed Nikola
 11771 | Spider:3 | Reached skill level 14 in Invocations
 11777 | Spider:3 | Killed Louise
 11925 | Spider:4 | Entered Level 4 of the Spider Nest
 11983 | Spider:4 | Noticed Agnes
 11995 | Spider:4 | Killed Agnes
 12003 | Spider:4 | Killed a ghost moth
 12014 | Spider:4 | Reached XP level 16. HP: 148/148 MP: 1/7
 12111 | Spider:4 | Reached skill level 15 in Invocations
 12284 | Spider:4 | Got a gossamer rune of Zot
 12594 | Shoals:1 | Entered Level 1 of the Shoals
 13166 | Shoals:3 | Noticed Bai Suzhen
 13203 | Shoals:3 | Killed Bai Suzhen
 13203 | Shoals:3 | Reached skill level 16 in Invocations
 13266 | Shoals:4 | Entered Level 4 of the Shoals
 13417 | Shoals:4 | Reached XP level 17. HP: 106/157 MP: 7/7
 13873 | Shoals:4 | Got a barnacled rune of Zot
 14297 | Depths:1 | Entered Level 1 of the Depths
 14359 | Depths:2 | Reached skill level 17 in Invocations
 14417 | Depths:2 | Found a gateway to Hell.
 14487 | Depths:2 | Found a gateway to a ziggurat.
 14714 | Depths:4 | Gained mutation: You passively map a large area around you.
                  | [Deep Dwarf growth]
 14714 | Depths:4 | Reached XP level 18. HP: 95/168 MP: 7/7
 14749 | Depths:4 | Reached skill level 18 in Invocations
 14806 | Depths:4 | Noticed a tentacled monstrosity
 14814 | Depths:4 | Killed a tentacled monstrosity
 14956 | Depths:4 | Noticed a lich
 14974 | Depths:4 | Killed a lich
 14988 | Depths:4 | Noticed a lich
 15014 | Depths:4 | Killed a lich
 15149 | Depths:4 | Cast into level 3 of the Abyss (a deep elf sorcerer)
 15209 | Abyss:3  | Found a corrupted altar of Lugonu.
 15353 | Abyss:3  | Reached skill level 19 in Invocations
 15360 | Abyss:3  | Gained mutation: You have a pair of small antennae on your
                  | head. [a cacodemon]
 15366 | Abyss:3  | Paralysed by accursed screaming for 1 turns
 15374 | Abyss:3  | Paralysed by accursed screaming for 1 turns
 15381 | Abyss:3  | Noticed a bone dragon
 15443 | Abyss:3  | Killed a bone dragon
 15452 | Abyss:3  | Got an abyssal rune of Zot
 15461 | Depths:4 | Escaped the Abyss
 15818 | Depths:4 | Cast into level 2 of the Abyss (a wizard)
 15819 | Abyss:2  | Quit the game

Illustrated notes

Levels and vault maps discovered:
D:1:      mushboom_english_gardens, layout_basic, minmay_misc_feat_plants
D:2:      layout_loops_corners, uniq_terence
D:3:      layout_loops_ring
D:4:      layout_loops_corners, tso_oasis_becter, lemuel_doored_altar,
          okawaru_ov_weapons_minmay, uniq_blork_the_orc
D:5:      layout_rooms
D:6:      layout_cave_pools, grunt_temple_overflow_champion_of_chaos,
          grunt_temple_overflow_open, serial_glass, glass_columns_a,
          glass_columns_b, minmay_strange_pillars, serial_shops, shop,
          minmay_misc_feat_nine_boxes, uniq_menkaure
D:7:      layout_cave_pools, kiku_gazebo_pond_becter,
          minmay_temple_entry_butterflies, nicolae_elemental_shop, hex_tiny,
          uniq_maggie, uniq_crazy_yiuf_cottage
D:8:      layout_loops_corners, minivault_23
D:9:      layout_long_grid, elyvilon_altar_4, uniq_erolcha, uniq_maurice
D:10:     layout_loops_cross, david_lair_generic, david_orc_4, uniq_nergalle,
          uniq_grum
D:11:     layout_rooms
D:12:     layout_roguey, minmay_misc_feat_alley, uniq_snorg
D:13:     layout_roguey, erik_vaults_2, tgw_lugonu_bribe
D:14:     layout_basic, basic_altar, enter_trove_1,
          kennysheep_decorative_pillar, uniq_nessos, uniq_kirke, uniq_josephine,
          uniq_frances
D:15:     gammafunk_enter_depths_forms, layout_basic, uniq_roxanne
Lair:1:   layout_regular_city, worms_lemuel, uniq_fannar
Lair:2:   layout_cave_pods
Lair:3:   layout_cave_pods, elwin_shoals_entry_stream,
          nicolae_spider_entry_orb_guardian, minmay_stone_trees_small,
          minmay_lair_oklob_chamber
Shoals:1: layout_shoals, serial_shops,
          nicolae_shop_temple_entry_statues_fountains,
          nicolae_shoals_flooded_hall
Shoals:2: cheibrodos_shoals_three_sisters, layout_shoals, serial_shops,
          shop_statue
Shoals:3: layout_shoals, uniq_bai_suzhen
Shoals:4: shoals_end_grunt_ice, layout_shoals
Spider:1: layout_spider_delve
Spider:2: layout_chambers
Spider:3: layout_spider_delve, drop_trap, uniq_arachne, uniq_louise, uniq_nikola
Spider:4: floodkiller_spider_rune_tomb, uniq_agnes
Orc:1:    layout_caves
Orc:2:    grunt_orc_community_town_hall, layout_diamond_mine,
          grunt_orc_community_big_house_2, grunt_orc_community_big_house_2,
          grunt_orc_community_house_3, grunt_orc_community_house_3,
          grunt_orc_community_house_2, grunt_orc_community_house_2,
          grunt_orc_community_house_3, grunt_orc_community_house_3,
          nicolae_orc_rockfall, uniq_jorgrun, uniq_donald
Depths:1: layout_cave_pools, special_room [special_room_morgue],
          minmay_misc_feat_cross, serial_shops, bzr_entry_dummy, hell_entry,
          grunt_decor_mini_mirrors, drop_trap, minmay_three_doors,
          minmay_shoptagon, firewood_loft
Depths:2: cheibrodos_poisonous_passages, layout_basic, enter_ziggurat_f,
          hell_entry, chequers_decorated_corner
Depths:3: minmay_the_grid_triangle_9x9_recursive_2
          [minmay_the_grid_triangle_9x9_prize_schism,
          minmay_the_grid_triangle_9x9_flanged_cone,
          minmay_the_grid_triangle_9x9_corruption,
          minmay_the_grid_triangle_9x9_skeleton], layout_gridlike, abyss_entry,
          pf_coc_iceberg, rand_demon_pan_entry_3, small_statue_intersection,
          serial_shops, shop, shop, hangedman_decor_peaks_small,
          minmay_staircase_bubble
Depths:4: hangedman_grunt_twisty_little_passages, layout_cave_shapes,
          hell_entry, abyss_entry_crystal, chequers_serial_rivers_small_3
Abyss:2:  base: Spider:4, bh_abyss_exit_grid, evilmike_abyss_exit_5

Skill      XL: |  1  2  3  4  5  6  7  8  9 10 11 12 13 14 15 16 17 18 |
---------------+-------------------------------------------------------+-----
Fighting       | 3 4 5 6 7 8 9 10 11 12 | 12.7
Axes           | 3 4 5 6 7 9 10 11 13 14 15 16 17 18 | 18.0
Armour         | 4 5 6 7 8 9 10 11 12 13 14 | 14.4
Shields        | 4 5 6 7 8 9 10 11 12 13 14 | 14.5
Dodging        | 1 2 4 5 6 8 9 10 11 12 13 14 | 14.0
Invocations    | 1 3 5 7 9 10 12 14 16 17 19 | 19.5
Spellcasting   | 1 |  1.0

Action                   |  1- 3 |  4- 6 |  7- 9 | 10-12 | 13-15 | 16-18 || total
-------------------------+-------+-------+-------+-------+-------+-------++-------
Melee: War axe           |    27 |    81 |   269 |       |       |       ||   377
       Broad axe         |       |       |   117 |   670 |  1181 |  1406 ||  3374
Invok: Lesser Servant of |       |       |       |       |     9 |    17 ||    26
       Greater Servant o |       |       |       |       |     4 |    17 ||    21
 Abil: Heal Wounds       |     2 |     2 |    11 |    13 |    60 |    35 ||   123
Evoke: Wand              |       |       |       |    10 |       |       ||    10
       Condenser vane    |       |       |       |     1 |     6 |     5 ||    12
  Use: Scroll            |       |       |    11 |    10 |    12 |     9 ||    42
       Potion            |       |       |       |       |     1 |     1 ||     2
 Stab: Petrified         |       |       |       |       |     2 |       ||     2
       Distracted        |       |       |       |       |     1 |    20 ||    21
Armor: Scale mail        |     8 |    35 |    45 |       |       |       ||    88
       Plate armour      |       |       |   111 |   336 |   559 |   595 ||  1601
       Chain mail        |       |       |       |       |    26 |       ||    26
Dodge: Dodged            |     8 |    22 |   220 |   496 |   800 |   959 ||  2505
Block: Kite shield       |    12 |    45 |   167 |       |       |       ||   224
       Tower shield      |       |       |   150 |   790 |  1348 |  1605 ||  3893

Table legend: (Time is in decaauts)
 A = Elapsed time spent in this place.
 B = Non-inter-level travel time spent in this place.
 C = Inter-level travel time spent in this place.
 D = Time resting spent in this place.
 E = Time spent auto-exploring this place.
 F = Levels seen in this place.
 G = Mean time per level.
                   A        B        C        D        E       F      G
               +--------+--------+--------+--------+--------+-----+--------+
         Total |  15941 |  14223 |   1718 |     22 |   7901 |  34 |  468.9 |
       Dungeon |   8535 |   7436 |   1099 |     22 |   4530 |  15 |  569.0 |
          Lair |   2376 |   2132 |    244 |      0 |   1701 |   3 |  792.0 |
        Shoals |   1395 |   1319 |     76 |      0 |    348 |   4 |  348.8 |
   Spider Nest |   1012 |    822 |    190 |      0 |    138 |   4 |  253.0 |
  Orcish Mines |   1249 |   1163 |     86 |      0 |    666 |   2 |  624.5 |
        Depths |   1087 |   1066 |     21 |      0 |    441 |   4 |  271.8 |
         Abyss |    285 |    285 |      0 |      0 |     77 |   2 |  142.5 |
               +--------+--------+--------+--------+--------+-----+--------+

Top non-repeatable levels by time:
  Lair:3: 1215 daAuts
   Orc:2: 1142 daAuts
    D:10: 1126 daAuts
     D:4: 928 daAuts
     D:8: 861 daAuts
  Lair:2: 849 daAuts
Depths:4: 823 daAuts
     D:6: 747 daAuts
     D:7: 732 daAuts
    D:12: 702 daAuts
Shoals:4: 694 daAuts
    D:14: 674 daAuts
     D:9: 637 daAuts
    D:11: 589 daAuts
Spider:4: 507 daAuts
